 Dungeon Crawl Stone Soup version 0.28-a0-957-g42eb19b844 (webtiles) character file.

Game seed: 6500926889685121798

372 ryw the Cutter (level 7, -1/52 HPs)
             Began as a Human Brigand on Dec 1, 2021.
             Slain by an ogre (10 damage)
             ... on level 4 of the Dungeon.
             The game lasted 00:06:44 (4020 turns).

ryw the Cutter (Human Brigand)                      Turns: 4020, Time: 00:06:45

Health: -1/52      AC:  6    Str: 11    XL:     7   Next: 2%
Magic:  9/9        EV: 12    Int: 13    God:
Gold:   163        SH:  0    Dex: 15    Spells: 8/9 levels left

rFire   . . .      SeeInvis .   a - +3 dagger
rCold   . . .      Faith    .   (no shield)
rNeg    . . .      Spirit   .   i - +1 robe
rPois   .          Reflect  .   (no helmet)
rElec   .          Harm     .   c - +0 cloak
rCorr   .          Rampage  .   b - +0 pair of gloves
Will    .....                   r - +0 pair of boots
Stlth   +++.......              (no amulet)
HPRegen 0.17/turn               g - +4 ring of slaying
MPRegen 0.11/turn               (no ring)

@: no status effects
A: no striking features
a: no special abilities


You were on level 4 of the Dungeon.
You visited 1 branch of the dungeon, and saw 5 of its levels.

You collected 163 gold pieces.

Inventory:

Hand Weapons
 a - a +3 dagger (weapon)
Missiles
 d - 6 poisoned darts (quivered)
 e - a curare-tipped dart
Armour
 b - a +0 pair of gloves (worn)
 c - a +0 cloak (worn)
 i - a +1 robe (worn)
 r - a +0 pair of boots (worn)
Jewellery
 g - a +4 ring of slaying (left hand)
 k - a ring of willpower
 s - an amulet of the acrobat
Wands
 q - a wand of mindburst (14)
Scrolls
 h - a scroll of holy word {unknown}
 n - a scroll of amnesia
 p - a scroll of fear {unknown}
Potions
 f - 2 potions of curing {unknown}
 j - a potion of ambrosia
 l - a potion of degeneration {unknown}
 m - a potion of lignification {unknown}
 o - 2 potions of invisibility {unknown}


   Skills:
 - Level 3.1 Fighting
 * Level 5.3 Short Blades
 - Level 2.1 Throwing
 - Level 2.5 Dodging
 - Level 4.0 Stealth
 - Level 1.8 Spellcasting
 - Level 0.1 Hexes


You had 8 spell levels left.
You knew the following spells:

 Your Spells              Type           Power      Damage    Failure   Level
a - Slow                  Hex            4%         N/A       24%         1

Your spell library contained the following spells:

 Spells                   Type           Power      Damage    Failure   Level
 Passwall                 Tmut/Erth      0%         N/A       36%         2
 Sublimation of Blood     Necr           1%         N/A       36%         2
 Wereblood                Tmut           1%         N/A       36%         2
 Confusing Touch          Hex            1%         N/A       58%         3
 Swiftness                Air            1%         N/A       61%         3
 Vampiric Draining        Necr           1%         2d6       61%         3
 Summon Hydra             Summ           0%         N/A       100%        7


Dungeon Overview and Level Annotations

Branches:
Dungeon (5/15)
 Temple: D:4-7

Altars:
Cheibriados
Fedhas
Nemelex Xobeh
Ru
Sif Muna
Trog
Vehumet

Annotations:
D:2 Robin
D:3 3 runed translucent doors, Splishie's ghost, weakling GnWn


Message History

There is an open door here.
s - an amulet of the acrobat
There is an open door here.
There is a stone staircase leading down here.
Done exploring.
Done exploring.
Done exploring.
You see here 4 large rocks.
You see here a hobgoblin corpse.
There is a stone staircase leading down here.
You climb downwards.
The ogre shouts!
There is a stone staircase leading up here.
Unknown command.
You puncture the ogre!
The ogre is moderately wounded.
You barely miss the ogre.
The ogre is moderately wounded.
The ogre hits you with a +0 giant club!
You puncture the ogre!
The ogre is severely wounded.
The ogre hits you with a +0 giant club!
You are too injured to fight recklessly!
You are too injured to fight recklessly!
You are too injured to fight recklessly!
Unknown command.
You climb upwards.
There is a stone staircase leading down here.
You hit the ogre.
The ogre is almost dead.
The ogre hits you with a +0 giant club!
* * * LOW HITPOINT WARNING * * *
Unknown command.
Throw: 7 darts (poison)
Press: ? - help, Q - select action, (/) - cycle Shift-Dir - straight line, f - ogre
Aim: an ogre, wielding a +0 giant club (almost dead, 78% to hit)
You throw a poisoned dart. The poisoned dart hits the ogre.
The ogre is almost dead.
The ogre hits you with a +0 giant club!
You die...

....##.....##.....####...........
...........##.....#..............
###'##.........>..#..............
.....#............#..............
.....##############..............
.......................##..#####.
...................<...##.#######
#####.......)................†..(
..(.#...........@O...>.......####
....########.................#
.....+.....#.................####
(...##.....#.......##########...#
'#####.....#.......#........#...#
.....#.....#.......#........#...#
.....#.....#.......#........#....
.##'###'##.#.......#..###...#...#
###.##..##.##......#..#######...#


You could see an ogre.

Vanquished Creatures
  Sigmund (D:2)
  An ogre (D:4)
  A bullfrog zombie (D:3)
  4 adders
  A dart slug (D:2)
  7 orcs
  7 endoplasms
  4 giant cockroaches
  6 goblins
  6 hobgoblins
  4 jackals
  A kobold (D:3)
  3 ball pythons
  3 bats (D:3)
  2 frilled lizards
  4 rats
55 creatures vanquished.

Notes
Turn   | Place    | Note
-------+----------+-------------------------------------------
     0 | D:1      | ryw the Human Brigand began the quest for the Orb.
     0 | D:1      | Reached XP level 1. HP: 16/16 MP: 1/1
    62 | D:1      | Found a faded altar of an unknown god.
   616 | D:1      | Reached XP level 2. HP: 21/22 MP: 2/2
  1213 | D:2      | Reached XP level 3. HP: 27/27 MP: 3/3
  1438 | D:2      | Learned a level 1 spell: Slow
  1577 | D:2      | Noticed Robin
  1721 | D:2      | Noticed Sigmund
  1740 | D:2      | Killed Sigmund
  1741 | D:2      | Reached skill level 3 in Short Blades
  1741 | D:2      | Reached skill level 1 in Spellcasting
  1741 | D:2      | Reached XP level 4. HP: 35/35 MP: 3/6
  1741 | D:2      | Reached XP level 5. HP: 41/41 MP: 3/7
  2564 | D:3      | Reached XP level 6. HP: 47/47 MP: 8/8
  2601 | D:3      | Reached skill level 4 in Short Blades
  2706 | D:3      | Found a radiant altar of Vehumet.
  2859 | D:3      | Found a runed translucent gate.
  2863 | D:3      | Found a runed translucent gate.
  2863 | D:3      | Found a runed translucent gate.
  2864 | D:3      | Noticed Splishie's ghost (weakling GnWn)
  2866 | D:3      | Noticed a steam dragon
  3526 | D:4      | Found a blossoming altar of Fedhas.
  3531 | D:4      | Found a sparkling altar of Nemelex Xobeh.
  3606 | D:4      | Noticed an ogre
  3633 | D:4      | Killed an ogre
  3634 | D:4      | Reached skill level 5 in Short Blades
  3634 | D:4      | Reached XP level 7. HP: 38/52 MP: 9/9
  3813 | D:4      | Found a snail-covered altar of Cheibriados.
  3816 | D:4      | Found a shimmering blue altar of Sif Muna.
  3818 | D:4      | Found a sacrificial altar of Ru.
  3819 | D:4      | Found a bloodstained altar of Trog.
  4008 | D:5      | Entered Level 5 of the Dungeon
  4020 | D:4      | Slain by an ogre

Illustrated notes

Levels and vault maps discovered:
D:1:      minmay_arrival_shoal_huts, layout_basic,
          ebering_ecumenical_altar_abandoned
D:2:      layout_basic, guppyfry_early_orc_mine, uniq_robin, uniq_sigmund
D:3:      layout_basic, vehumet_crystals, gammafunk_ghost_split
D:4:      layout_gridville, amethyst_overflow_temple_binary,
          mainiacjoe_overflow_alcove_3, wad_floor_pattern_2
D:5:      lemuel_castle_with_subvaults [lemuel_castle_interior_carwin_2],
          layout_basic, uniq_pikel

Skill      XL: |  1  2  3  4  5  6 |
---------------+-------------------+-----
Fighting       | 3 |  3.1
Short Blades   | 3 5 |  5.3
Dodging        | 2 |  2.5
Spellcasting   | 1 |  1.8
Throwing       | |  2.1
Stealth        | |  4.0
Hexes          | |  0.1

Action                   |  1- 3 |  4- 6 |  7- 9 || total
-------------------------+-------+-------+-------++-------
Melee: Dagger            |    54 |    63 |    11 ||   128
Throw: Dart              |    16 |     5 |     1 ||    22
  Use: Scroll            |     4 |     3 |       ||     7
 Stab: Sleeping          |     3 |    11 |       ||    14
Armor: Robe              |     8 |     8 |       ||    16
Dodge: Dodged            |    37 |    31 |     1 ||    69

Table legend: (Time is in decaauts)
 A = Elapsed time spent in this place.
 B = Non-inter-level travel time spent in this place.
 C = Inter-level travel time spent in this place.
 D = Time resting spent in this place.
 E = Time spent auto-exploring this place.
 F = Levels seen in this place.
 G = Mean time per level.
                   A        B        C        D        E       F      G
               +--------+--------+--------+--------+--------+-----+--------+
         Total |   3999 |   3754 |    245 |    353 |   2825 |   5 |  799.8 |
       Dungeon |   3999 |   3754 |    245 |    353 |   2825 |   5 |  799.8 |
               +--------+--------+--------+--------+--------+-----+--------+

Top non-repeatable levels by time:
     D:1: 1308 daAuts
     D:2: 1227 daAuts
     D:3: 743 daAuts
     D:4: 715 daAuts
     D:5: 4 daAuts
